 Dungeon Crawl Stone Soup version 0.27-a0-419-g7a85846853 (webtiles) character file.

Game seed: 6546473317295013984

7 Morbidden the Conjurer (level 1, -1/13 HPs)
             Began as a Demonspawn Conjurer on Feb 26, 2021.
             Slain by a hobgoblin
             ... wielding a +0 club
              (4 damage)
             ... on level 1 of the Dungeon.
             The game lasted 00:00:44 (176 turns).

Morbidden the Conjurer (Demonspawn Conjurer)         Turns: 176, Time: 00:00:45

Health: -1/13      AC:  2    Str:  7    XL:     1   Next: 91%
Magic:  2/3        EV: 12    Int: 19    God:
Gold:   18         SH:  0    Dex: 11    Spells: 3/4 levels left

rFire    . . .     SeeInvis .   d - +0 dagger
rCold    . . .     Faith    .   (no shield)
rNeg     . . .     Spirit   .   a - +0 robe
rPois    .         Reflect  .   (no helmet)
rElec    .         Harm     .   (no cloak)
rCorr    .         Rampage  .   (no gloves)
Will     .....                  (no boots)
Stlth    ++........             (no amulet)
HPRegen  0.04/turn              (no ring)
MPRegen  0.08/turn              (no ring)

@: no status effects
A: no striking features
a: no special abilities


You were on level 1 of the Dungeon.
You visited 1 branch of the dungeon, and saw 1 of its levels.

You collected 18 gold pieces.

Inventory:

Hand Weapons
 d - a +0 dagger (weapon)
Missiles
 c - 24 sling bullets
Armour
 a - a +0 robe (worn)
Scrolls
 b - a scroll of enchant weapon {unknown}
Potions
 e - a potion of flight {unknown}


   Skills:
 + Level 1.7 Dodging
 + Level 1.8 Stealth
 * Level 2.0 Spellcasting
 * Level 4.4 Conjurations


You had 3 spell levels left.
You knew the following spells:

 Your Spells              Type           Power        Failure   Level
a - Magic Dart            Conj           72%          2%          1

Your spell library contained the following spells:

 Spells                   Type           Power        Failure   Level
 Searing Ray              Conj           36%          4%          2
 Dazzling Flash           Conj/Hex       20%          21%         3
 Fulminant Prism          Conj/Hex       5%           56%         4
 Iskenderun's Mystic Bla  Conj/Tloc      10%          56%         4


Dungeon Overview and Level Annotations

Branches:
Dungeon (1/15)

Altars:


Message History

The jackal is almost dead.
The jackal bites you.
* * * LOW HITPOINT WARNING * * *
Unknown command.
Unknown command.
You completely miss the jackal.
The jackal is almost dead.
The jackal closely misses you.
Unknown command.
Unknown command.
Casting: Magic Dart (safe; 2% risk of failure)
Confirm with . or Enter, or press ? or * to list all spells.
Aiming: Magic Dart (safe; 2% risk of failure)
Press: ? - help, Shift-Dir - straight line, f/p - jackal
Aim: a jackal (almost dead, 0% to evade)
The magic dart hits the jackal.
You kill the jackal!
Unknown command.
Unknown command.
Unknown command.
There is a stone staircase leading down here.
The hobgoblin closely misses you.
You see here a goblin corpse.
A giant cockroach comes into view.
Found 12 sling bullets.
Found 8 gold pieces.
The giant cockroach bites you.
* * * LOW HITPOINT WARNING * * *
Found a sedimented black potion.
Unknown command.
Found 5 gold pieces.
A frilled lizard and a giant cockroach come into view.
Unknown command.
A goblin comes into view.
The giant cockroach barely misses you.
Found a hand axe.
Found a ring mail.
A dart slug comes into view.
The hobgoblin hits you with a +0 club.
You die...

#.. ....###.##
#.[...........
#............w g..
#............ ...l
#...#........ ) ...
....##.$.#..B..... . ..
....!..........)..
................@.......
.........#.....gB....###
#+#####..#...........#
#.#PPP#..#..(..g..$..#
#.#P⌠P#..#...........#
#.#PPP#..#......######
#.#####..#........#
.<....'..#........#
#.#####..##...#.....


You could see a dart slug (asleep), 2 giant cockroaches and 2 hobgoblins.

Vanquished Creatures
  A bat (D:1)
  A goblin (D:1)
  3 jackals (D:1)
  A rat (D:1)
6 creatures vanquished.

Notes
Turn   | Place    | Note
-------+----------+-------------------------------------------
     0 | D:1      | Morbidden the Demonspawn Conjurer began the quest for the
                  | Orb.
     0 | D:1      | Reached XP level 1. HP: 13/13 MP: 3/3
   176 | D:1      | Slain by a hobgoblin

Illustrated notes

Levels and vault maps discovered:
D:1:      beargit_arrival_greenhouse, layout_basic

Action                   || total
-------------------------++-------
Melee: Dagger            ||    17
 Cast: Magic Dart        ||     8
Armor: Robe              ||     2
Dodge: Dodged            ||    16

Table legend: (Time is in decaauts)
 A = Elapsed time spent in this place.
 B = Non-inter-level travel time spent in this place.
 C = Inter-level travel time spent in this place.
 D = Time resting spent in this place.
 E = Time spent auto-exploring this place.
 F = Levels seen in this place.
 G = Mean time per level.
                   A        B        C        D        E       F      G
               +--------+--------+--------+--------+--------+-----+--------+
         Total |    175 |    175 |      0 |      0 |    100 |   1 |  175.0 |
       Dungeon |    175 |    175 |      0 |      0 |    100 |   1 |  175.0 |
               +--------+--------+--------+--------+--------+-----+--------+

Top non-repeatable levels by time:
     D:1: 175 daAuts
